 Dungeon Crawl Stone Soup version 0.24-a0-584-g9d6b971ae4 (webtiles) character file.

Game seed: 2037884720189803860, levelgen mode: deterministic

49 Mithandil the Skirmisher (level 3, -5/29 HPs)
             Began as a Demonspawn Abyssal Knight on Sept 6, 2019.
             Was a Follower of Lugonu.
             Slain by Sigmund
             ... wielding a +0 scythe
              (8 damage)
             ... on level 2 of the Dungeon.
             The game lasted 00:06:28 (1000 turns).

Mithandil the Skirmisher (DsAK)                     Turns: 1000, Time: 00:06:28

Health: -5/29      AC:  9    Str: 13    XL:     3   Next: 51%
Magic:  5/5        EV:  6    Int: 13    God:    Lugonu [*.....]
Gold:   55         SH:  0    Dex: 12    Spells: 2/2 levels left

rFire    . . .     SeeInvis .   a - +1 falchion
rCold    . . .     Gourm    .   (no shield)
rNeg     . . .     Faith    .   k - +0 chain mail
rPois    .         Spirit   .   (no helmet)
rElec    .         Reflect  .   (no cloak)
rCorr    .         Harm     .   (no gloves)
MR       .....                  e - +0 pair of boots
Stlth    ..........             (no amulet)
HPRegen  0.09/turn              (no ring)
MPRegen  0.09/turn              (no ring)

@: no status effects
A: camouflage 1, mutation resistance 1, powered by death 1, subdued magic 1
a: Depart the Abyss, Renounce Religion


You were on level 2 of the Dungeon.
You worshipped Lugonu.
Lugonu was aware of your devotion.
You were not hungry.

You visited 1 branch of the dungeon, and saw 3 of its levels.
You visited the Abyss 1 time.

You collected 55 gold pieces.

Inventory:

Hand Weapons
 a - a +1 falchion (weapon)
 b - a +0 spear
Missiles
 h - 79 stones (quivered)
 l - 19 arrows
Armour
 e - a +0 pair of boots (worn)
 k - a +0 chain mail (worn)
Scrolls
 d - 3 scrolls of remove curse {unknown}
 f - a scroll of amnesia {unknown}
 j - 2 scrolls of identify {unknown}
 m - a scroll of enchant weapon {unknown}
Potions
 i - 4 potions of curing
 o - 2 potions of cancellation
Comestibles
 c - 7 rations
 g - 5 chunks of flesh


   Skills:
 + Level 3.4 Fighting
 * Level 2.6 Long Blades
 - Level 1.7 Armour
 - Level 0.8 Dodging
 + Level 0.2 Stealth
 + Level 1.2 Unarmed Combat
 - Level 2.7 Invocations


You had 2 spell levels left.
You didn't know any spells.
Your spell library was empty.

Dungeon Overview and Level Annotations

Branches:
Dungeon (3/15)

Altars:

Annotations:
D:2 Sigmund


Innate Abilities, Weirdness & Mutations

You regenerate a little health from kills.
Your skin changes colour to match your surroundings (Stealth+).
You are somewhat resistant to further mutation.
Your spells are a little easier to cast, but a little less powerful.


Message History

You hit something but do no damage. The bat hits you but does no damage.
Something hits you but does no damage. The bat hits you but does no damage.
You miss something. The bat barely misses you. Something hits you.
You hit something but do no damage. The bat barely misses you.
You riposte.
Your chain mail prevents you from hitting the bat.
You hit something but do no damage. The bat hits you but does no damage.
Something hits you.
You hit something.
You hear some strange, mumbled words.
A magic dart appears from out of thin air!
The magic dart hits you but does no damage.
The bat hits you but does no damage.
You closely miss something. The bat hits you but does no damage.
Something hits you but does no damage.
You hit something. The bat hits you but does no damage. The bat hits you.
Something hits you!
* * * LOW HITPOINT WARNING * * *
You closely miss something. The bat hits you but does no damage.
Something hits you!
You die...

g........ ........# .........
........#### .........
.........<.# ........#
#.....[..# ........# #....<...#
........# #........#
#'#b#####........##
#.{.##.##..........
###@)............###
#.).....#.......#
#.......#.......# ..
####.####....>..# #.####
#.##.........# #....#
#.##.........# ..
#....#####.##.........#
####.####..........####....####
..............#####........##


You could see a bat.

Vanquished Creatures
  An adder (D:2)
  An ooze (D:1)
  A worm (D:2)
  2 dart slugs (D:1)
  4 bats
  A giant cockroach (D:1)
  3 goblins
  6 hobgoblins
  A jackal (D:2)
  3 frilled lizards (D:1)
  2 kobolds
  2 rats
27 creatures vanquished.

Notes
Turn   | Place    | Note
-------+----------+-------------------------------------------
     0 | Abyss:1  | Mithandil the Demonspawn Abyssal Knight began the quest for
                  | the Orb.
     0 | Abyss:1  | Reached XP level 1. HP: 18/18 MP: 2/2
    30 | Abyss:1  | Noticed a rakshasa
    31 | D:1      | Escaped the Abyss
   128 | D:1      | Reached * piety under Lugonu
   132 | D:1      | Gained mutation: You regenerate a little health from kills.
                  | [demonic ancestry]
   132 | D:1      | Reached XP level 2. HP: 10/24 MP: 4/4
   777 | D:2      | Reached skill level 1 in Unarmed Combat
   817 | D:2      | Reached XP level 3. HP: 23/29 MP: 5/5
   948 | D:2      | Gained mutation: Your spells are a little easier to cast,
                  | but a little less powerful. [potion of mutation]
   948 | D:2      | Gained mutation: You are somewhat resistant to further
                  | mutation. [potion of mutation]
   948 | D:2      | Gained mutation: Your skin changes colour to match your
                  | surroundings (Stealth+). [potion of mutation]
   971 | D:2      | Noticed Sigmund
  1000 | D:2      | Slain by Sigmund

Levels and vault maps discovered:
D:1:      psy_arrival_fountain, layout_basic
D:2:      layout_basic, old_standard_altar, minmay_unequal, uniq_sigmund
D:3:      layout_loops_ring

Skill      XL: |  1  2 |
---------------+-------+-----
Long Blades    | 2 |  2.6
Unarmed Combat | 1 |  1.2
Fighting       | |  3.4
Armour         | |  1.7
Dodging        | |  0.8
Stealth        | |  0.2
Invocations    | |  2.7

Action                   || total
-------------------------++-------
Melee: Falchion          ||    87
Invok: Depart the Abyss  ||     1
  Use: Potion            ||     5
Armor: Leather armour    ||    11
       Chain mail        ||    38
Dodge: Dodged            ||    45
       Rpst.: Falchion   ||    13

Table legend:
 A = Non-vault XP
 B = Vault XP
 C = Vault XP percentage of total XP
 D = Non-vault monster count
 E = Vault monster count
 F = Vault count percentage of total count
                 A         B        C        D         E       F
            +---------+---------+-------+---------+---------+-------
      Total |      64 |       6 |   8.6 |      23 |       4 |  14.8
            +---------+---------+-------+---------+---------+-------
        D:1 |      31 |       0 |   0.0 |      14 |       0 |   0.0
        D:2 |      33 |       6 |  15.4 |       9 |       4 |  30.8
            +---------+---------+-------+---------+---------+-------
